 Dungeon Crawl Stone Soup version 0.28.0-43-g3370ac3207 (console) character file.

Game seed: 3455049951727676957

14 Zeor the Skirmisher (level 2, 0/25 HPs)
             Began as a Djinni Cinder Acolyte on Mar 26, 2022.
             Was a High Priest of Ignis.
             Slain by a kobold
             ... wielding a +0 dagger
              (3 damage)
             ... on level 1 of the Dungeon.
             The game lasted 00:01:00 (214 turns).

Zeor the Skirmisher (Djinni Cinder Acolyte)          Turns: 214, Time: 00:01:00

Health: 0/25       AC:  2    Str: 13    XL:     2   Next: 60%
Gold:   0          EV: 11    Int: 15    God:    Ignis [*****.] SH:  0 Dex:  8

rFire   + + +      SeeInvis .   a - -1 spear (flame)
rCold   x . .      Faith    .   (no shield)
rNeg    . . .      Spirit   .   b - +0 robe
rPois   ∞          Reflect  .   (no helmet)
rElec   .          Harm     .   (no cloak)
rCorr   .          Rampage  .   (no gloves)
Will    .....                   (boots unavailable)
Stlth   +.........              (no amulet)
HPRegen 0.08/turn               (no ring)
MPRegen 0.00/turn               (no ring)

@: flying
A: sickness immunity, fire resistance 2, cold vulnerability 1, float, innate
caster, HP casting, extra vitality 1
a: Renounce Religion, Fiery Armour, Foxfire Swarm, Rising Flame


You were on level 1 of the Dungeon.
You worshipped Ignis.
Ignis was extremely pleased with you.
You visited 1 branch of the dungeon, and saw 1 of its levels.

Inventory:

Hand Weapons
 a - a -1 spear of flaming (weapon)
Armour
 b - a +0 robe (worn)


   Skills:
 + Level 3.2 Fighting
 + Level 2.5 Polearms
 * Level 2.7 Spellcasting


You had 4 spell levels left.
You knew the following spells:

 Your Spells              Type           Power      Damage    Failure   Level
a - Scorch                Fire           20%        2d6       10%         2
Your spell library was empty.

Dungeon Overview and Level Annotations

Branches:
Dungeon (1/15)

Altars:


Innate Abilities, Weirdness & Mutations

You are immune to sickness and miasma.
You are immune to poison.
Your flesh is very heat resistant. (rF++)
You are vulnerable to cold. (rC-)
You float through the air rather than walking.
You learn spells naturally, not from books.
Your magical power is your life essence.
You have superior vitality. (+4 MHP)


Message History

A goblin comes into view. It is wielding a +0 dagger.
The goblin shouts!
Reach: a) -1 spear (flame)
Press: ? - help, Dir - move target, f - goblin
Aim: a goblin, wielding a +0 dagger and wearing a +0 robe (about 50% to evade your -1 spear of flaming)
You reach to attack!
You closely miss the goblin.
Reach: a) -1 spear (flame)
Press: ? - help, Dir - move target, f/p - goblin
Aim: a goblin, wielding a +0 dagger and wearing a +0 robe (about 50% to evade your -1 spear of flaming)
You hit the goblin but do no damage. The goblin barely misses you.
Reach: a) -1 spear (flame)
Press: ? - help, Dir - move target, f/p - goblin
Aim: a goblin, wielding a +0 dagger and wearing a +0 robe (about 50% to evade your -1 spear of flaming)
You hit the goblin but do no damage. The goblin misses you.
A kobold comes into view. It is wielding a +0 dagger.
Reach: a) -1 spear (flame)
Press: ? - help, Dir - move target, f/p - goblin
Aim: a goblin, wielding a +0 dagger and wearing a +0 robe (about 50% to evade your -1 spear of flaming)
You closely miss the goblin.
The kobold shouts!
You hear a bark!
The goblin hits you but does no damage.
You barely miss the goblin. The goblin hits you with a +0 dagger.
You barely miss the goblin. The goblin hits you with a +0 dagger.
You closely miss the goblin. The goblin hits you with a +0 dagger.
You hit the goblin but do no damage. The goblin hits you with a +0 dagger.
* * * LOW HITPOINT WARNING * * *
You hit the goblin. You burn the goblin.
You kill the goblin!
The kobold throws a stone.
The stone hits you.
* * * LOW HITPOINT WARNING * * *
A jackal comes into view.
The jackal barks!
The kobold hits you with a +0 dagger.
* * * LOW HITPOINT WARNING * * *
Things that are here:
a +0 dagger; a +0 robe You hit the kobold.
You burn the kobold.
The kobold is heavily wounded.
The kobold hits you with a +0 dagger.
You die...

∙∙∙∙∙∙∙∙▒ ∙▒
▒∙∙∙∙∙∙∙▒ ∙∙▒
▒∙∙∙∙∙∙∙▒▒▒▒∙∙▒
▒∙∙∙)▒∙∙∙∙∙▒▒▒
▒∙∙∙∙'∙∙∙∙∙∙∙∙
▒▒▒▒▒▒)∙∙▒▒▒▒▒
▒∙∙∙∙∙▒
∙∙▒▒▒▒▒▒▒∙▒▒▒▒▒▒▒▒▒
∙∙h∙∙∙KR∙∙∙†∙∙∙∙∙∙▒
∙▒∙▒▒∙∙▒∙▒>▒▒∙∙▒▒∙▒
∙∙∙∙∙▒▒∙▒▒▒∙∙†∙∙▒
▒∙▒▒∙▒ ▒▒▒ ▒▒∙▒▒∙▒
▒ ▒▒ ▒▒▒>∙▒
▒▒▒▒▒∙▒▒∙▒
▒▒∙▒▒∙∙∙∙∙▒
▒∙∙▒▒>▒<▒∙∙▒▒∙▒
∙∙∙∙∙∙∙∙∙∙∙∙∙∙▒


You could see a jackal and a kobold.

Vanquished Creatures
  3 ball pythons (D:1)
  An endoplasm (D:1)
  2 goblins (D:1)
  A hobgoblin (D:1)
  2 jackals (D:1)
  A kobold (D:1)
  3 rats (D:1)
13 creatures vanquished.

Notes
Turn   | Place    | Note
-------+----------+-------------------------------------------
     0 | D:1      | Zeor the Djinni Cinder Acolyte began the quest for the Orb.
     0 | D:1      | Reached XP level 1. HP: 20/20 MP: 0/0
    59 | D:1      | Reached XP level 2. HP: 23/25 MP: 0/0
   214 | D:1      | Slain by a kobold

Illustrated notes

Levels and vault maps discovered:
D:1:      onia_arrival_handbag, layout_basic, serial_shops, nicolae_shop_crystal

Action                   || total
-------------------------++-------
Melee: Spear             ||    47
 Stab: Sleeping          ||     1
Armor: Robe              ||     4
Dodge: Dodged            ||    20
